 Dungeon Crawl Stone Soup version 0.28-a0-474-g535839065c (webtiles) character file.

Game seed: 11440881087568416451

386 siradein the Skirmisher (level 6, -19/55 HPs)
             Began as a Ghoul Fighter on Sept 16, 2021.
             Demolished by an ogre (20 damage)
             ... on level 5 of the Dungeon.
             The game lasted 00:05:16 (3257 turns).

siradein the Skirmisher (Ghoul Fighter)             Turns: 3257, Time: 00:05:16

Health: -19/55     AC: 13    Str: 22    XL:     6   Next: 78%
Magic:  5/5        EV:  8    Int:  3    God:
Gold:   154        SH:  4    Dex:  8    Spells: 5/5 levels left

rFire   . . .      SeeInvis .   a - +0 war axe
rCold   + . .      Faith    .   c - +0 buckler
rNeg    + + +      Spirit   .   s - +0 chain mail
rPois   ∞          Reflect  .   (no helmet)
rElec   .          Harm     .   (no cloak)
rCorr   .          Rampage  .   (no gloves)
Will    .....                   (no boots)
Stlth   ..........              (no amulet)
HPRegen 0.00/turn               h - +4 ring of protection
MPRegen 0.09/turn               (no ring)

@: inhibited regen
A: claws 1, cold resistance 1, negative energy resistance 3, inhibited
regeneration, torment resistance 2
a: no special abilities


You were on level 5 of the Dungeon.
You visited 1 branch of the dungeon, and saw 5 of its levels.

You collected 154 gold pieces.

Inventory:

Hand Weapons
 a - a +0 war axe (weapon)
Missiles
 e - 8 atropa-tipped darts (quivered)
Armour
 c - a +0 buckler (worn)
 s - a +0 chain mail (worn)
Jewellery
 h - a +4 ring of protection (left claw)
Scrolls
 g - a scroll of enchant armour {unknown}
 k - a scroll of silence {unknown}
 o - 2 scrolls of teleportation {unknown}
 p - a scroll of noise {unknown}
 r - a scroll of identify {unknown}
Potions
 d - a potion of might
 f - 2 potions of lignification {unknown}
 i - a potion of attraction {unknown}
 j - a potion of brilliance {unknown}
 l - 3 potions of curing {unknown}
 m - a potion of resistance {unknown}
 q - a potion of haste {unknown}


   Skills:
 + Level 4.9 Fighting
 + Level 3.4 Axes
 + Level 4.1 Armour
 + Level 4.1 Shields


You had 5 spell levels left.
You didn't know any spells.
Your spell library contained the following spells:

 Spells                   Type           Power      Damage    Failure   Level
 Animate Skeleton         Necr           0%         N/A       99%         1
 Apportation              Tloc           0%         N/A       99%         1
 Pain                     Necr           0%         1d4       99%         1
 Blink                    Tloc           N/A        N/A       100%        2
 Vampiric Draining        Necr           0%         2d6       100%        3
 Summon Ice Beast         Ice/Summ       0%         N/A       100%        4
 Alistair's Intoxication  Tmut/Pois      0%         N/A       100%        5
 Manifold Assault         Tloc           0%         N/A       100%        5
 Summon Mana Viper        Hex/Summ       0%         N/A       100%        5
 Invisibility             Hex            0%         N/A       100%        6
 Monstrous Menagerie      Summ           0%         N/A       100%        7
 Storm Form               Tmut/Air       Unusable   N/A       N/A         7

Dungeon Overview and Level Annotations

Branches:
Dungeon (5/15)
 Temple: D:4-7

Altars:
Hepliaklqana
Qazlal

Shops:
D:1 **=   D:4 **=*

Annotations:
D:2 1 runed translucent door, Crazy Yiuf


Innate Abilities, Weirdness & Mutations

You thrive by killing the living.
You are immune to poison.
You have sharp fingernails.
Your flesh is cold resistant. (rC+)
You are immune to negative energy. (rN+++)
You do not regenerate when monsters are visible.
You are immune to unholy pain and torment.


Message History

There is a stone staircase leading up here.
You can't go down here!
HP restored.
As you open the door, it creaks loudly!
An ogre comes into view. It is wielding a +0 giant club.
The ogre shouts!
Found 20 bolts.
Found a stone staircase leading down.
Found a scroll labelled YSABBO LEEFEG.
Found a stone staircase leading down.
There is an open door here.
Throw: 2 darts (poison)
Press: ? - help, Q - select action, (/) - cycle Shift-Dir - straight line, f - ogre
Aim: an ogre, wielding a +0 giant club (72% to hit)
You throw a poisoned dart. The poisoned dart hits the ogre.
Throw: dart (poison)
Press: ? - help, Q - select action, (/) - cycle Shift-Dir - straight line, f/p - ogre
Aim: an ogre, wielding a +0 giant club (71% to hit)
You throw a poisoned dart. The poisoned dart hits the ogre.
The ogre is poisoned.
You barely miss the ogre. The ogre hits you with a +0 giant club!
You barely miss the ogre. The ogre hits you with a +0 giant club!
You are too injured to fight recklessly!
You are too injured to fight recklessly!
You are too injured to fight recklessly!
The ogre looks more healthy.
The ogre hits you with a +0 giant club.
There is a stone staircase leading up here.
You climb upwards.
There is a stone staircase leading down here.
You start resting.
HP restored.
You climb downwards.
You block the ogre's attack. The ogre hits you with a +0 giant club!
There is a stone staircase leading up here.
You hit the ogre but do no damage. The ogre hits you with a +0 giant club!
You are too injured to fight recklessly!
You hit the ogre but do no damage. The ogre hits you with a +0 giant club.
You barely miss the ogre.
The ogre hits you with a +0 giant club!!
* * * LOW HITPOINT WARNING * * *
The ogre hits you with a +0 giant club!!
You die...

#### ##..## #@O..#
#....# #####.###
#..##.##
#......#.......
#.(....#.......
#......#....>..
...##.....##.....#
.......<..##.....#


You could see an ogre.

Vanquished Creatures
  A phantom (D:5)
  A kobold brigand (D:3)
  A water moccasin skeleton (D:4)
  An orc wizard (D:4)
  A hound skeleton (D:4)
  A howler monkey skeleton (D:4)
  5 adders
  2 worms (D:2)
  A dart slug (D:1)
  5 orcs
  4 bats
  4 endoplasms
  2 giant cockroaches
  10 goblins
  8 hobgoblins
  12 jackals
  9 kobolds
  5 quokkas
  8 ball pythons
  3 frilled lizards
  6 rats
90 creatures vanquished.

Notes
Turn   | Place    | Note
-------+----------+-------------------------------------------
     0 | D:1      | siradein the Ghoul Fighter began the quest for the Orb.
     0 | D:1      | Reached XP level 1. HP: 19/19 MP: 0/0
    54 | D:1      | Reached XP level 2. HP: 17/26 MP: 1/1
   159 | D:1      | Found Alesosk's General Store.
   234 | D:1      | Found Yhiy's General Store.
   235 | D:1      | Found Luywuolado's Jewellery Boutique.
   318 | D:1      | Found a faded altar of an unknown god.
   327 | D:1      | Reached XP level 3. HP: 27/31 MP: 2/2
   391 | D:1      | You fall into a shaft and drop 1 floor!
   521 | D:2      | Found a runed translucent door.
   522 | D:2      | Noticed Crazy Yiuf
   695 | D:2      | Reached XP level 4. HP: 23/40 MP: 3/3
  1625 | D:3      | Noticed a kobold brigand
  1656 | D:3      | Killed a kobold brigand
  1657 | D:3      | Reached XP level 5. HP: 14/46 MP: 4/4
  2552 | D:4      | Reached XP level 6. HP: 53/53 MP: 5/5
  2714 | D:4      | Found Egaveh's Assorted Antiques.
  2718 | D:4      | Found Caobba's Jewellery Boutique.
  2718 | D:4      | Found Kanynuoc's Assorted Antiques.
  2761 | D:4      | Found Yguiran's Assorted Antiques.
  2990 | D:4      | Found a stormy altar of Qazlal.
  2990 | D:4      | Found a hazy altar of Hepliaklqana.
  3015 | D:5      | Entered Level 5 of the Dungeon
  3246 | D:5      | HP: 1/55 [ogre (22)]
  3257 | D:5      | Demolished by an ogre

Illustrated notes

Levels and vault maps discovered:
D:1:      dpeg_arrival_radiant, layout_rooms, serial_shops, shop, shop,
          nicolae_shop_window_shopping, ebering_ecumenical_altar_mist,
          minmay_tetromino_s4
D:2:      layout_rooms, st_stairs_8, chequers_decorated_corner,
          uniq_crazy_yiuf_cottage
D:3:      layout_loops_cross
D:4:      layout_rooms, gammafunk_temple_overflow_elements, nrook_loot_triangle,
          minmay_shop_grid_forest
D:5:      layout_gridville, grunt_gozag_statues, mainiacjoe_overflow_alcove_4,
          grunt_ministairs_14, guppyfry_early_lair_pool

Skill      XL: |  1  2  3  4  5  6 |
---------------+-------------------+-----
Axes           | 2 3 |  3.4
Shields        | 3 4 |  4.1
Armour         | 3 4 |  4.1
Fighting       | 4 |  4.9

Action                   |  1- 3 |  4- 6 || total
-------------------------+-------+-------++-------
Melee: War axe           |    91 |   199 ||   290
Throw: Dart              |       |     2 ||     2
Armor: Scale mail        |    50 |    93 ||   143
       Chain mail        |       |    23 ||    23
Dodge: Dodged            |    60 |    78 ||   138
Block: Buckler           |    25 |    33 ||    58

Table legend: (Time is in decaauts)
 A = Elapsed time spent in this place.
 B = Non-inter-level travel time spent in this place.
 C = Inter-level travel time spent in this place.
 D = Time resting spent in this place.
 E = Time spent auto-exploring this place.
 F = Levels seen in this place.
 G = Mean time per level.
                   A        B        C        D        E       F      G
               +--------+--------+--------+--------+--------+-----+--------+
         Total |   3367 |   3275 |     92 |    383 |   2114 |   5 |  673.4 |
       Dungeon |   3367 |   3275 |     92 |    383 |   2114 |   5 |  673.4 |
               +--------+--------+--------+--------+--------+-----+--------+

Top non-repeatable levels by time:
     D:3: 967 daAuts
     D:2: 776 daAuts
     D:4: 776 daAuts
     D:1: 775 daAuts
     D:5: 71 daAuts
